 Dungeon Crawl Stone Soup version 0.28.0-53-g5a82cb258f (webtiles) character file.

Game seed: 14401375968661266997

32 Tirrikindir the Shield-Bearer (level 3, 26/26 HPs)
             Began as an Octopode Fighter on Aug 16, 2022.
             Was a Follower of Uskayaw.
             Got out of the dungeon alive.
             The game lasted 00:02:01 (1140 turns).

Tirrikindir the Shield-Bearer (Octopode Fighter)    Turns: 1140, Time: 00:02:01

Health: 26/26      AC:  1    Str: 15    XL:     3   Next: 25%
Magic:  3/3        EV: 14    Int: 10    God:    Uskayaw [*.....]
Gold:   28         SH:  5    Dex: 19    Spells: 2/2 levels left

rFire   . . .      SeeInvis .   a - +0 long sword
rCold   . . .      Faith    .   b - +0 buckler
rNeg    . . .      Spirit   .   (helmet restricted)
rPois   .          Reflect  .   (no amulet)
rElec   .          Harm     .   f - +6 ring of dexterity
rCorr   .          Rampage  .   (no ring)
Will    .....                   (no ring)
Stlth   +++.......              (no ring)
HPRegen 0.08/turn               (no ring)
MPRegen 0.08/turn               (no ring)
                                (no ring)
                                (no ring)

@: no status effects
A: almost no armour, amphibious, 8 rings, camouflage 1, gelatinous body 1,
(nimble swimmer 1), tentacles
a: Renounce Religion, Stomp


You escaped.
You worshipped Uskayaw.
Uskayaw was noncommittal.
You visited 1 branch of the dungeon, and saw 1 of its levels.

You collected 28 gold pieces.

Inventory:

Hand Weapons
 a - a +0 long sword (weapon)
Missiles
 h - 4 poisoned darts (quivered)
Armour
 b - a +0 buckler (worn)
Jewellery
 f - a +6 ring of dexterity (left tentacle)
Scrolls
 g - a scroll of fog {unknown}
Potions
 c - a potion of might
 d - a potion of heal wounds
 e - a potion of curing {unknown}


   Skills:
 + Level 3.2 Fighting
 * Level 2.5 Long Blades
 + Level 3.2 Dodging
 + Level 1.3 Stealth
 + Level 3.3 Shields


You had 2 spell levels left.
You didn't know any spells.
Your spell library was empty.

Dungeon Overview and Level Annotations

Branches:
Dungeon (1/15)

Altars:
Uskayaw


Innate Abilities, Weirdness & Mutations

You cannot wear most types of armour.
You are amphibious.
You can wear up to eight rings at the same time.
Your skin changes colour to match your surroundings (Stealth+).
Your rubbery body absorbs attacks. (AC +1, EV +1)
((You are camouflaged when in or above water. (Stealth+)))
You have tentacles for arms and can constrict up to eight enemies at once.


Message History

You kill the frilled lizard!
e - a fuming inky potion
There are no items here.
A kobold comes into view. It is wielding a +0 short sword.
A kobold comes into view. It is wielding a +0 short sword.
The kobold shouts! x2
Found a faded altar of an unknown god.
The kobold throws a stone.
The stone closely misses you.
You closely miss the kobold. You grab the kobold.
You squeeze the kobold, but do no damage.
You constrict the kobold, but do no damage.
The kobold closely misses you. The kobold misses you.
You barely miss the kobold. You grab the kobold. You squeeze the kobold.
You kill the kobold!
You constrict the kobold. The kobold barely misses you.
You closely miss the kobold. You grab the kobold. You constrict the kobold.
You kill the kobold!
You constrict the kobold. You block the kobold's attack.
You hit the kobold.
You kill the kobold!
Things that are here:
a +0 short sword; a kobold corpse
Things that are here:
a +0 short sword; 4 stones
Things that are here:
a +0 short sword; 4 stones; a kobold corpse
There is a faded altar of an unknown god here.
You cannot tell which god this altar belongs to.
Convert to them anyway?
Uskayaw accepts your prayer! Uskayaw welcomes you!
You can now stomp with the beat.
(D) Dungeon
Where to? (? - help)
What level of the Dungeon? (default 1, ? - help)
Things that are here:
a +0 dagger; a kobold corpse You see here a bat skeleton.
There is a staircase leading out of the dungeon here.
Are you sure you want to leave the Dungeon?
This will make you lose the game!
You have escaped!

................##
#########.####'♣.♣♣###
#...)...#.##☼♣.♣♣..♣.##
#.#####.#.#⌠.♣♣.♣♣♣♣..#
#.# #.#.#♣♣..∩.∩..♣§#
#.# #.#.#.♣♣∩...∩♣♣.#
..# #.#..♣.∩..8..∩.♣♣#
#######.#.♣.∩.......∩♣.#
........#.♣♣..8.@.8...♣#
#######.#...§§......∩.♣#
........#.♣♣♣§§.8..∩♣♣.#
#######.#.#♣.§∩...∩♣..##
# #.#.#§♣♣♣∩.∩..♣⌠# #
#.#.#§.♣♣..♣♣♣.§# #
#...§.♣..♣...♣♣## #
#####...♣♣.♣♣# #
###....#


There were no monsters in sight!

Vanquished Creatures
  2 dart slugs (D:1)
  3 ball pythons (D:1)
  3 bats (D:1)
  2 endoplasms (D:1)
  A giant cockroach (D:1)
  3 goblins (D:1)
  A hobgoblin (D:1)
  2 quokkas (D:1)
  2 frilled lizards (D:1)
  4 kobolds (D:1)
  2 rats (D:1)
25 creatures vanquished.

Notes
Turn   | Place    | Note
-------+----------+-------------------------------------------
     0 | D:1      | Tirrikindir the Octopode Fighter began the quest for the
                  | Orb.
     0 | D:1      | Reached XP level 1. HP: 16/16 MP: 1/1
   264 | D:1      | Reached XP level 2. HP: 20/21 MP: 2/2
   581 | D:1      | Reached skill level 1 in Stealth
   723 | D:1      | Reached XP level 3. HP: 26/26 MP: 3/3
  1031 | D:1      | Found a faded altar of an unknown god.
  1045 | D:1      | Prayed at the altar of an unknown god.
  1045 | D:1      | Became a worshipper of Uskayaw the Reveller
  1045 | D:1      | Reached * piety under Uskayaw
  1140 | D:$      | Got out of the dungeon alive.

Illustrated notes

Levels and vault maps discovered:
D:1:      heliophobic_arrival_enchanted_forest, layout_basic,
          hellmonk_ecumenical_altar_prayer_group, minmay_distorted

Skill      XL: |  1  2 |
---------------+-------+-----
Stealth        | 1 |  1.3
Fighting       | |  3.2
Long Blades    | |  2.5
Dodging        | |  3.2
Shields        | |  3.3

Action                   || total
-------------------------++-------
Melee: Long sword        ||    37
       Constrict         ||    12
       Tentacles         ||     6
  Use: Scroll            ||     3
       Potion            ||     2
 Stab: Sleeping          ||     9
Armor: Skin              ||     2
Dodge: Dodged            ||    20
Block: Buckler           ||     8
